 Dungeon Crawl Stone Soup version 0.20-a0-1089-g3fde505 (webtiles) character file.

95 Alarkh the Chopper (level 4, -3/52 HPs)
             Began as a Demonspawn Berserker on May 3, 2017.
             Was a Follower of Trog.
             Slain by an iguana (6 damage)
             ... on level 6 of the Dungeon.
             The game lasted 00:01:29 (1657 turns).

Alarkh the Chopper (Demonspawn Berserker)           Turns: 1657, Time: 00:01:30

Health: -3/52      AC:  4    Str: 22    XL:     4   Next: 40%
Magic:  4/4        EV: 12    Int:  9    God:    Trog [*.....]
Gold:   94         SH:  0    Dex: 13    Spells: 3/3 levels left

rFire    . . .     SeeInvis .   a - +0 war axe
rCold    . . .     Gourm    .   (no shield)
rNeg     . . .     Faith    .   b - +0 animal skin
rPois    .         Spirit   .   (no helmet)
rElec    .         Reflect  .   (no cloak)
rCorr    .         Harm     .   (no gloves)
MR       ++...                  (no boots)
Stlth    ..........             (no amulet)
Regen    1.2/turn               (no ring)
MPRegen  0.1/turn               (no ring)

@: berserking, regenerating, hasted, very quick
A: talons 1, icy blue scales 1
a: Berserk, Burn Spellbooks, Renounce Religion


You were on level 6 of the Dungeon.
You worshipped Trog.
Trog was aware of your devotion.
You were hungry.

You visited 1 branch of the dungeon, and saw 6 of its levels.

You collected 94 gold pieces.

Inventory:

Hand Weapons
 a - a +0 war axe (weapon)
 k - a +0 hand axe
Armour
 b - a +0 animal skin (worn)
Scrolls
 d - 2 scrolls of recharging {unknown}
 j - a scroll of enchant armour {unknown}
 l - 2 scrolls of identify {unknown}
 n - a scroll of immolation {unknown}
 o - a scroll of silence {unknown}
Potions
 e - a potion of haste
 f - a potion of curing {unknown}
 g - a potion of ambrosia {unknown}
 h - 2 potions of berserk rage {unknown}
 i - 2 potions of heal wounds {unknown}
 m - a potion of degeneration {unknown}
Books
 q - a book of Cantrips

   Spells                             Type                      Level
   a - Confusing Touch                Hexes                        1
   b - Animate Skeleton               Necromancy                   1
   c - Summon Small Mammal            Summoning                    1
   d - Apportation                    Translocation                1
   Trog disapproves of the use of such an item.
Comestibles
 c - 2 bread rations
 p - 2 chunks of flesh


   Skills:
 - Level 3.0 Fighting
 + Level 4.7 Axes
 - Level 1.7 Armour
 - Level 1.7 Dodging


You had 3 spell levels left.
You didn't know any spells.

Dungeon Overview and Level Annotations

Branches:
Dungeon (6/15)
 Temple: D:4-7

Altars:
Okawaru
Wu Jian
Xom


Innate Abilities, Weirdness & Mutations

You have sharp toenails.
You are partially covered in icy blue scales. (AC +2)


Message History

You closely miss the iguana. You barely miss the bullfrog.
The bullfrog hits you.
The orc hits you from afar with a trident!
The hungry ghost hits you.
* * * LOW HITPOINT WARNING * * *
You are feeling hungry.
The iguana bites you.
* * * LOW HITPOINT WARNING * * *
The orc priest mumbles some strange prayers to Beogh against you.
Beogh smites you!
* * * LOW HITPOINT WARNING * * *
You slash the hungry ghost!
The hungry ghost is moderately damaged.
You hit the bullfrog. You hit the iguana. The bullfrog hits you.
* * * LOW HITPOINT WARNING * * *
Unknown command.
You closely miss the hungry ghost. Your kick misses the hungry ghost.
The hungry ghost is moderately damaged.
You slash the iguana! You closely miss the bullfrog. The iguana bites you.
You die...

#.#.. .8.. ..8.
......#..# ##
#........# ...
........## ....
#.#..)...#
.....##W#.....#
#...@F.....#
#.##)l...#.##
#.#.o<.......
#...o.....###
#...o.....#
####..#o..#
.......#
##.###..# #..
.##


You could see a hungry ghost, an orc warrior, a bullfrog, an iguana, an orc
priest and 2 orcs.

Vanquished Creatures
  Jessica (D:2)
  A worker ant (D:4)
  An adder (D:3)
  An adder zombie (D:5)
  An adder skeleton (D:4)
  2 leopard geckos
  3 orcs
  A bat (D:1)
  2 giant cockroaches
  2 goblins (D:1)
  A hobgoblin (D:1)
  4 kobolds
  A quokka (D:5)
  2 frilled lizards
  3 rats
26 creatures vanquished.

Notes
Turn   | Place    | Note
-------+----------+-------------------------------------------
     0 | D:1      | Alarkh the Demonspawn Berserker began the quest for the Orb.
     0 | D:1      | Reached XP level 1. HP: 18/18 MP: 1/1
   208 | D:1      | Reached skill level 3 in Axes
   408 | D:1      | Gained mutation: You have sharp toenails. [demonic ancestry]
   408 | D:1      | Reached XP level 2. HP: 12/24 MP: 2/2
   657 | D:2      | Found an iron altar of Okawaru.
   799 | D:2      | Noticed Jessica
   808 | D:2      | Killed Jessica
   808 | D:2      | Reached skill level 4 in Axes
   808 | D:2      | Reached XP level 3. HP: 29/29 MP: 3/3
  1209 | D:4      | Found a shimmering altar of Xom.
  1312 | D:4      | Gained mutation: You are partially covered in icy blue scales. (AC +2) [demonic ancestry]
  1312 | D:4      | Reached XP level 4. HP: 35/35 MP: 4/4
  1325 | D:5      | Entered Level 5 of the Dungeon
  1541 | D:5      | Reached ** piety under Trog
  1565 | D:5      | Found an ornate altar of the Wu Jian Council.
  1647 | D:6      | Noticed a bullfrog
  1647 | D:6      | Noticed a hungry ghost
  1647 | D:6      | Noticed an orc warrior
  1656 | D:6      | HP: 2/52 [bullfrog (4)]
  1657 | D:6      | Slain by an iguana

Vault maps used:
D:1:      dpeg_arrival_radiant
D:2:      cheibrodos_pilgrimage, lemuel_crystal_altar, uniq_robin, uniq_jessica
D:3:      chequers_ecumenical_altar_simple
D:4:      brannock_xom_greatest_gift, first_bread, uniq_crazy_yiuf_cottage
D:5:      marbit_many_paths, uniq_menkaure, uniq_prince_ribbit1
D:6:      serial_shops, shop_statue, uniq_sigmund

Skill      XL: |  1  2 |
---------------+-------+-----
Axes           | 3 4 |  4.7
Fighting       | |  3.0
Armour         | |  1.7
Dodging        | |  1.7

Action                   |  1- 3 |  4- 6 || total
-------------------------+-------+-------++-------
Melee: Hand axe          |    60 |       ||    60
       Kick              |    11 |     1 ||    12
       War axe           |    14 |     9 ||    23
Invok: Berserk           |     3 |     1 ||     4
       Trog's Hand       |       |     1 ||     1
  Use: Potion            |       |     1 ||     1
 Stab: Sleeping          |       |     1 ||     1
  Eat: Chunk             |     3 |       ||     3
       Meat ration       |       |     1 ||     1
Armor: Animal skin       |    13 |     3 ||    16
Dodge: Dodged            |    49 |    13 ||    62
